 Dungeon Crawl Stone Soup version 0.31-a0-1522-g43313d8a59 (webtiles) character file.

Game seed: 13541073827917569632

84 voltaire321 the Apothecary (level 4, -1/25 HPs)
             Began as a Gargoyle Alchemist on Dec 31, 2023.
             Slain by Ijyb
             ... wielding a +0 dagger
              (3 damage)
             ... on level 3 of the Dungeon.
             The game lasted 00:05:55 (1759 turns).

voltaire321 the Apothecary (Gargoyle Alchemist)     Turns: 1759, Time: 00:05:56

Health: -1/25      AC:  5    Str: 13    XL:     4   Next: 45%
Magic:  4/7        EV: 10    Int: 16    God:
Gold:   38         SH:  9    Dex: 16    Spells: 6/7 levels left

rFire   + . .        n - +4 short sword
rCold   + + .        l - +1 kite shield {rC+}
rNeg    + . .        a - +0 robe
rPois   ∞            (no helmet)
rElec   +            d - scarf {rC+ rF+}
rCorr   .            (no gloves)
SInv    .            (no boots)
Will    .....        (no amulet)
Stlth   ++           e - +6 ring of dexterity
HPRegen 0.24/turn    (no ring)
MPRegen 0.10/turn

%: no passive effects
@: no status effects
A: sickness immunity, AC +3, negative energy resistance 1, electricity
resistance, torment resistance 1, petrification resistance
a: no special abilities


You were on level 3 of the Dungeon.
You visited 1 branch of the dungeon, and saw 3 of its levels.

You collected 38 gold pieces.

Inventory:

Hand Weapons
 h - a +0 mace
 m - a +2 hand axe of freezing
 n - a +4 short sword (weapon)
Armour
 a - a +0 robe (worn)
 d - a scarf of resistance (worn)
 l - a +1 kite shield of cold resistance (worn)
Jewellery
 e - a +6 ring of dexterity (left hand)
Scrolls
 f - a scroll of enchant armour {unknown}
 g - 2 scrolls of vulnerability {unknown}
 i - a scroll of noise {unknown}
 j - 3 scrolls of identify {unknown}
Potions
 b - a potion of magic
 c - a potion of enlightenment {unknown}
 k - a potion of haste {unknown}


   Skills:
 + Level 1.4 Fighting
 + Level 1.5 Armour
 + Level 2.1 Dodging
 - Level 2.1 Stealth
 + Level 0.1 Shields
 + Level 2.3 Spellcasting
 + Level 2.0 Conjurations
 + Level 2.8 Alchemy


You had 6 spell levels left.
You knew the following spells:

 Your Spells              Type           Power      Damage    Failure   Level
a - Sting                 Conj/Alch      36%        1d5       30%         1

Your spell library contained the following spells:

 Spells                   Type           Power      Damage    Failure   Level
 Mercury Vapours          Alch/Air       12%        N/A       56%         2
 Mephitic Cloud           Conj/Alch/Air  7%         N/A       77%         3
 Olgreb's Toxic Radiance  Alch           10%        N/A       94%         4
 Sticky Flame             Fire/Alch      6%         2d4       99%         4
 Freezing Cloud           Conj/Ice/Air   2%         6-21      100%        5


Dungeon Overview and Level Annotations

Branches:
Dungeon (3/15)

Altars:

Annotations:
D:3 Ijyb


Innate Abilities, Weirdness & Mutations

You are immune to sickness and miasma.
Your stone body is resilient. (AC +3)
You are immune to poison.
You resist negative energy. (rN+)
You are resistant to electric shocks. (rElec)
You are resistant to unholy torment.
You are immune to petrification.


Message History

Ijyb barely misses you.
Aiming: Sting (safe; 30% risk of failure)
Press: ? - help, Q - select action Shift-Dir - straight line, f/p - Ijyb
Aim: Ijyb, wielding a +0 dagger, wearing a +0 leather armour and carrying a wand of flame (moderately wounded, 60% to hit)
The sting hits Ijyb but does no damage.
Ijyb is poisoned.
Ijyb is moderately wounded.
Ijyb barely misses you.
You hit Ijyb but do no damage.
Ijyb is moderately wounded.
Ijyb zaps a wand.
The puff of flame hits you. You resist.
You hit Ijyb.
Ijyb is moderately wounded.
Ijyb zaps a wand.
The puff of flame hits you. You resist. Ijyb hits you with a +0 dagger.
You hit Ijyb.
Ijyb is heavily wounded.
Ijyb zaps a wand.
The puff of flame hits you. You resist.
Aiming: Sting (safe; 30% risk of failure)
Press: ? - help, Q - select action Shift-Dir - straight line, f/p - Ijyb
Aim: Ijyb, wielding a +0 dagger, wearing a +0 leather armour and carrying a wand of flame (severely wounded, poisoned, 60% to hit)
The sting hits Ijyb but does no damage.
Ijyb looks even sicker.
Ijyb is severely wounded.
You block Ijyb's attack.
You miss Ijyb.
Ijyb is severely wounded.
Ijyb hits you with a +0 dagger.
* * * LOW HITPOINT WARNING * * *
You closely miss Ijyb.
Ijyb is severely wounded.
Ijyb hits you with a +0 dagger.
* * * LOW HITPOINT WARNING * * *
Your magical contamination has completely faded away.
You hit Ijyb.
Ijyb is almost dead.
Ijyb hits you but does no damage.
You hit Ijyb.
Ijyb is almost dead.
Ijyb screams, "I cut your head off!" Ijyb hits you with a +0 dagger.
You die...

#.#.#.....# #.
#.......#..... ##
#.#..!....#.# ..
#...........### #.
#.#.#.#.#.......
#.##..#........##..
#..#.#.#.#.........
#........!.....###
#..#.#...@g......
###...†............
######....#.###.........
#......##...# .......[..
..###########.#.........
### ............ ..
..........
..##..........


You could see Ijyb (poisoned).

Vanquished Creatures
  3 adders (D:2)
  2 dart slugs (D:1)
  2 ribbon worms
  4 orcs (D:3)
  An endoplasm (D:2)
  3 giant cockroaches
  A goblin (D:1)
  7 hobgoblins
  2 jackals (D:3)
  3 kobolds
  2 quokkas (D:1)
  2 ball pythons
  6 bats
  4 frilled lizards
  4 rats
46 creatures vanquished.

Notes
Turn   | Place    | Note
-------+----------+-------------------------------------------
     0 | D:1      | voltaire321 the Gargoyle Alchemist began the quest for the
                  | Orb.
     0 | D:1      | Reached XP level 1. HP: 10/10 MP: 3/3
   191 | D:1      | Reached XP level 2. HP: 16/16 MP: 3/5
   526 | D:1      | Reached XP level 3. HP: 20/20 MP: 4/6
   541 | D:1      | Reached skill level 1 in Fighting
   541 | D:1      | Reached skill level 1 in Armour
  1055 | D:2      | Found a faded altar of an unknown god.
  1222 | D:2      | Reached XP level 4. HP: 20/25 MP: 0/7
  1717 | D:3      | Noticed Ijyb
  1759 | D:3      | Slain by Ijyb

Illustrated notes

Levels and vault maps discovered:
D:1:      saegor_arrival_miasma, layout_basic, serial_glass, glass_columns_b,
          glass_columns_b, item_on_display_a, due_unseen_surprise,
          minmay_strange_pillars
D:2:      layout_basic, shapermc_ecumenical_altar_notcrosses
D:3:      layout_rooms, nicolae_overflow_hallway_of_the_gods,
          hangedman_decor_riveting, uniq_ijyb

Skill      XL: |  1  2  3 |
---------------+----------+-----
Fighting       | 1 |  1.4
Armour         | 1 |  1.5
Dodging        | 2 |  2.1
Conjurations   | 2 |  2.0
Stealth        | |  2.1
Shields        | |  0.1
Spellcasting   | |  2.3
Alchemy        | |  2.8

Action                     |  1- 3 |  4- 6 || total
---------------------------+-------+-------++-------
  Melee: Unarmed           |    23 |       ||    23
         Dagger            |    23 |       ||    23
         Mace              |     6 |    10 ||    16
         Short sword       |       |    20 ||    20
   Cast: Sting             |    37 |    10 ||    47
   Stab: Sleeping          |     4 |       ||     4
 Armour: Robe              |    31 |    15 ||    46
  Dodge: Dodged            |    36 |    16 ||    52
  Block: Kite shield       |       |    12 ||    12

Table legend: (Time is in decaauts)
 A = Elapsed time spent in this place.
 B = Non-inter-level travel time spent in this place.
 C = Inter-level travel time spent in this place.
 D = Time resting spent in this place.
 E = Time spent auto-exploring this place.
 F = Levels seen in this place.
 G = Mean time per level.
                   A        B        C        D        E       F      G
               +--------+--------+--------+--------+--------+-----+--------+
         Total |   1769 |   1754 |     15 |    134 |   1201 |   3 |  589.7 |
       Dungeon |   1769 |   1754 |     15 |    134 |   1201 |   3 |  589.7 |
               +--------+--------+--------+--------+--------+-----+--------+

Top non-repeatable levels by time:
     D:1: 971 daAuts
     D:2: 688 daAuts
     D:3: 109 daAuts
